 Dungeon Sprint DCSS version 0.20-a0-833-gc632bec (webtiles) character file.

128 Kidiri the Magician (level 4, -7/27 HPs)
             Began as a Deep Elf Fire Elementalist on Mar 7, 2017.
             Was an Initiate of Vehumet.
             Mangled by an orange demon (13 damage)
             ... summoned by a deep elf mage
             ... in the Dungeon (Sprint III: "The Ten Rune Challenge").
             The game lasted 00:03:14 (751 turns).

Kidiri the Magician (Deep Elf Fire Elementalist)     Turns: 751, Time: 00:03:15

Health: -7/27      AC:  2    Str:  5    XL:     4   Next: 87%
Magic:  8/15       EV: 15    Int: 21    God:    Vehumet [......]
Gold:   27         SH:  0    Dex: 15    Spells: 4/17 levels left

rFire    . . .     SeeInvis .   k - +1 dagger
rCold    . . .     Gourm    .   a - +0 robe
rNeg     . . .     Faith    .   (no shield)
rPois    .         Spirit   .   (helmet restricted)
rElec    .         Reflect  .   (no cloak)
rCorr    .         Harm     .   (no gloves)
MR       .....     NoTele   +   (no boots)
Stlth    ++........             (no amulet)
Regen    0.1/turn               (no ring)
MPRegen  0.2/turn               (no ring)

@: lethally poisoned (-7 -> -20), very slightly contaminated
A: horns 1, wild magic 1
a: Renounce Religion


You were in the Dungeon.
You worshipped Vehumet.
Vehumet was noncommittal.
You were not hungry.

You visited 1 branch You collected 27 gold pieces.

Inventory:

Hand Weapons
 k - a +1 dagger (weapon)
Armour
 a - a +0 robe (worn)
Scrolls
 j - 4 scrolls of remove curse
Potions
 f - a potion of haste
 g - 2 potions of magic
 h - a potion of berserk rage
 m - a potion of agility {unknown}
 n - 2 potions of flight {unknown}
 r - 2 potions of ambrosia {unknown}
Books
 b - a book of Flames

   Spells                             Type                      Level
   a - Flame Tongue                   Conjuration/Fire             1
   b - Throw Flame                    Conjuration/Fire             2
   c - Conjure Flame                  Conjuration/Fire             3
   d - Inner Flame                    Hexes/Fire                   3
   e - Sticky Flame                   Conjuration/Fire             4
   f - Fireball                       Conjuration/Fire             5
Comestibles
 c - a bread ration
 l - 3 fruits
 q - a royal jelly


   Skills:
 + Level 2.7 Fighting
 + Level 1.3 Short Blades
 + Level 2.5 Armour
 + Level 4.9 Dodging
 - Level 2.4 Stealth
 * Level 7.3 Spellcasting
 + Level 3.8 Conjurations
 + Level 5.2 Fire Magic


You had 4 spell levels left.
You knew the following spells:

 Your Spells              Type           Power        Failure   Level  Hunger
a - Flame Tongue          Conj/Fire      ####.        2%          1    None
b - Throw Flame           Conj/Fire      ####..       3%          2    None
c - Conjure Flame         Conj/Fire      ####....     8%          3    None
d - Inner Flame           Hex/Fire       ###.....     17%         3    None
e - Sticky Flame          Conj/Fire      ####....     24%         4    ###....


Dungeon Overview and Level Annotations

Branches:
Dungeon (1/1)

Altars:
Elyvilon
Kikubaaqudgha
Sif Muna
Vehumet
Zin
The Shining One


Innate Abilities, Weirdness & Mutations

You have a pair of small horns on your head.
Your spells are a little harder to cast, but a little more powerful.


Message History

Press: ? - help, Shift-Dir - straight line, f - deep elf mage
Aim: a deep elf mage, wielding a long sword of holy wrath (almost dead)
The flame tongue hits the hell rat.
The hell rat is lightly wounded.
You feel sick.
The hell rat bites you but does no damage.
The orange demon stings you from afar!
* * * LOW HITPOINT WARNING * * *
Unknown command.
Casting: Flame Tongue
Confirm with . or Enter, or press ? or * to list all spells.
Aiming: Flame Tongue
Press: ? - help, Shift-Dir - straight line, f/p - deep elf mage
Aim: a deep elf mage, wielding a long sword of holy wrath (severely wounded)
The flame tongue misses the deep elf mage.
The flame tongue misses the orange demon.
* * * LOW HITPOINT WARNING * * *
You feel sick. The hell rat barely misses you.
The deep elf mage barely misses you. The orange demon stings you from afar!
You die...

▓▓▓▓▓ ▓▓▓ ....♣♣
♣.##### .....♣ ♣.#___#
....♣♣ ♣.#...# ...≈♣
♣♣.###'#+###+##
..≈≈♣♣♣♣..#...4e@....#
.≈≈≈≈.♣♣..'.⌠..r.....#
.≈≈≈≈≈≈♣..#..s######+#
≈≈≈≈≈≈....#.⌠.#
≈≈≈≈≈.....#...#
≈≈≈.......#+###
..........#:).#
..........#___#
▓▓▓▓▓▓▓▓▓▓▓▓▓▓▓


You could see an orange demon, a deep elf mage, a tarantella and a hell rat.

Vanquished Creatures
  A water elemental (D)
  A wizard (D)
  A kobold demonologist (D)
  A human (D)
  A phantom (D)
  4 rats (D)
9 creatures vanquished.

Vanquished Creatures (others)
  2 draconian scorchers (D)
  6 hellions (D)
  A yaktaur (D)
9 creatures vanquished.

Grand Total: 18 creatures vanquished

Notes
Turn   | Place    | Note
-------+----------+-------------------------------------------
     0 | D        | Kidiri the Deep Elf Fire Elementalist began the quest for the Orb.
     0 | D        | Reached XP level 1. HP: 10/10 MP: 6/6
    36 | D        | Killed a yaktaur
   107 | D        | Reached skill level 1 in Fighting
   107 | D        | Reached skill level 1 in Armour
   107 | D        | Reached skill level 4 in Spellcasting
   107 | D        | Reached XP level 2. HP: 1/16 MP: 0/9
   111 | D        | Learned a level 2 spell: Throw Flame
   119 | D        | Killed a hellion
   120 | D        | Killed a hellion
   151 | D        | Killed a hellion
   153 | D        | Killed a hellion
   154 | D        | Killed a hellion
   161 | D        | Killed a white draconian scorcher
   207 | D        | Killed a hellion
   227 | D        | Killed a white draconian scorcher
   397 | D        | Reached skill level 5 in Spellcasting
   419 | D        | Gained mutation: Your magical capacity is low. (-10% MP) [potion of mutation]
   419 | D        | Gained mutation: You have large cloven feet. [potion of mutation]
   420 | D        | Lost mutation: You have large cloven feet. [potion of mutation]
   420 | D        | Lost mutation: Your magical capacity is low. (-10% MP) [potion of mutation]
   420 | D        | Gained mutation: Your body sometimes deteriorates upon taking damage. [potion of mutation]
   420 | D        | Lost mutation: Your body sometimes deteriorates upon taking damage. [potion of mutation]
   420 | D        | Gained mutation: Your spells are a little harder to cast, but a little more powerful. [potion of mutation]
   420 | D        | Gained mutation: You have a pair of small horns on your head. [potion of mutation]
   578 | D        | Noticed a water elemental
   586 | D        | Killed a water elemental
   586 | D        | Reached skill level 6 in Spellcasting
   586 | D        | Reached XP level 3. HP: 21/21 MP: 8/13
   586 | D        | Reached XP level 4. HP: 26/26 MP: 8/14
   591 | D        | Learned a level 3 spell: Conjure Flame
   595 | D        | Learned a level 3 spell: Inner Flame
   600 | D        | Learned a level 4 spell: Sticky Flame
   623 | D        | Found a radiant altar of Vehumet.
   624 | D        | Found a deep blue altar of Sif Muna.
   624 | D        | Found an ancient bone altar of Kikubaaqudgha.
   624 | D        | Noticed a wizard
   626 | D        | Killed a wizard
   626 | D        | Reached skill level 1 in Short Blades
   626 | D        | Reached skill level 7 in Spellcasting
   626 | D        | Reached skill level 5 in Fire Magic
   627 | D        | Noticed a soul eater
   639 | D        | Became a worshipper of Vehumet
   736 | D        | Found a glowing silver altar of Zin.
   737 | D        | Found a glowing golden altar of the Shining One.
   737 | D        | Found a white marble altar of Elyvilon.
   737 | D        | Noticed a deep elf mage
   741 | D        | Noticed an orange demon
   743 | D        | HP: 1/27 [orange demon[a deep elf mage] (5)]
   750 | D        | Noticed a tarantella
   751 | D        | Mangled by an orange demon

Vault maps used:
D:        dungeon_sprint_mu

Skill      XL: |  1  2  3  4 |
---------------+-------------+-----
Fighting       | 1 2 |  2.7
Armour         | 1 2 |  2.5
Dodging        | 3 4 |  4.9
Spellcasting   | 4 6 7 |  7.3
Conjurations   | 2 3 |  3.8
Fire Magic     | 4 5 |  5.2
Short Blades   | 1 |  1.3
Stealth        | |  2.4

Action                   |  1- 3 |  4- 6 || total
-------------------------+-------+-------++-------
Melee: Dagger            |       |     3 ||     3
 Cast: Flame Tongue      |    14 |     6 ||    20
       Throw Flame       |     1 |       ||     1
       Sticky Flame      |       |     3 ||     3
  Use: Potion            |     4 |     1 ||     5
       Scroll            |     3 |     1 ||     4
 Stab: Sleeping          |       |     2 ||     2
Armor: Robe              |       |     3 ||     3
Dodge: Dodged            |     5 |    12 ||    17
